 Dungeon Crawl Stone Soup version 0.21.1-1-g345015f (webtiles) character file.

123 RollingDesktops the Grasshopper (level 5, -2/43 HPs)
             Began as a Gnoll Warper on Apr 12, 2018.
             Slain by GenChuck's ghost (6 damage)
             ... on level 4 of the Dungeon.
             The game lasted 00:09:34 (2729 turns).

RollingDesktops the Grasshopper (Gnoll Warper)      Turns: 2729, Time: 00:09:34

Health: -2/43      AC:  3    Str: 19      XL:     5   Next: 7%
Magic:  12/12      EV: 14    Int: 15      God:
Gold:   143        SH:  0    Dex: 14 (15) Spells: 14/14 levels left

rFire    . . .     SeeInvis .   f - +1 dagger (vamp)
rCold    . . .     Gourm    .   (no shield)
rNeg     . . .     Faith    .   b - +0 leather armour
rPois    .         Spirit   .   (no helmet)
rElec    .         Reflect  .   (no cloak)
rCorr    .         Harm     .   (no gloves)
MR       .....                  (no boots)
Stlth    ++........             (no amulet)
HPRegen  0.14/turn              (no ring)
MPRegen  0.13/turn              (no ring)

@: mighty
A: distributed training, fangs 1, strong nose
a: no special abilities


You were on level 4 of the Dungeon.
You were not hungry.

You visited 1 branch of the dungeon, and saw 4 of its levels.

You collected 143 gold pieces.

Inventory:

Hand Weapons
 a - a +0 falchion
 f - a +1 vampiric dagger (weapon)
Missiles
 e - 5 tomahawks of dispersal (quivered)
Armour
 b - a +0 leather armour (worn)
 l - a +0 scale mail
Scrolls
 d - a scroll of blinking
 h - 3 scrolls of identify
 m - 2 scrolls of remove curse
Potions
 i - a potion of flight
 j - a potion of degeneration
 o - a potion of haste
Books
 c - a book of Spatial Translocations

   Spells                             Type                      Level
   a - Blink                          Translocation                2
   b - Shroud of Golubria             Charms/Translocation         2
   c - Lesser Beckoning               Translocation                3
   d - Gell's Gravitas                Translocation                3
   e - Teleport Other                 Translocation                3
   f - Passage of Golubria            Translocation                4
Comestibles
 q - a ration


   Skills:
 + Level 4.7 Fighting
 + Level 1.3 Short Blades
 + Level 4.7 Long Blades
 + Level 1.3 Axes
 + Level 1.3 Maces & Flails
 + Level 1.3 Polearms
 + Level 1.3 Staves
 + Level 1.3 Slings
 + Level 1.3 Bows
 + Level 1.3 Crossbows
 + Level 2.8 Throwing
 + Level 2.8 Armour
 + Level 4.7 Dodging
 + Level 1.3 Stealth
 + Level 1.3 Shields
 + Level 1.3 Unarmed Combat
 + Level 5.1 Spellcasting
 + Level 1.0 Conjurations
 + Level 1.0 Hexes
 + Level 1.0 Charms
 + Level 1.0 Summonings
 + Level 1.0 Necromancy
 + Level 5.5 Translocations
 + Level 1.0 Transmutations
 + Level 1.0 Fire Magic
 + Level 1.0 Ice Magic
 + Level 1.0 Air Magic
 + Level 1.0 Earth Magic
 + Level 1.0 Poison Magic
 + Level 1.4 Invocations
 + Level 1.3 Evocations


You had 14 spell levels left.
You didn't know any spells.

Dungeon Overview and Level Annotations

Branches:
Dungeon (4/15)
 Temple: D:4-7

Altars:
Uskayaw

Annotations:
D:4 GenChuck's ghost, amateur NaMo


Innate Abilities, Weirdness & Mutations

Your experience applies equally to all skills.
You have very sharp teeth.
Your uncanny sense of smell can sniff out nearby items.


Message History

You hit GenChuck's ghost but do no damage.
You bite GenChuck's ghost, but do no damage.
GenChuck's ghost is lightly damaged.
GenChuck's ghost barely misses you.
You barely miss GenChuck's ghost.
GenChuck's ghost is lightly damaged.
GenChuck's ghost closely misses you.
You hit GenChuck's ghost but do no damage.
GenChuck's ghost is lightly damaged.
GenChuck's ghost completely misses you.
It was a potion of might.
You feel very mighty all of a sudden. GenChuck's ghost closely misses you.
You puncture GenChuck's ghost!
GenChuck's ghost is heavily damaged.
GenChuck's ghost hits you but does no damage.
You puncture GenChuck's ghost!
GenChuck's ghost is severely damaged.
GenChuck's ghost hits you.
You die...

.###### ##
.....§§#§#
#§# #§#
#W# #@#
#§# #§#
#.# ## #.#
.# #.#
.######.
#.#
........
#.#
.#######
#.#


You could see GenChuck's ghost.

Vanquished Creatures
  3 gnolls (D:3)
  5 adders
  A worm (D:2)
  2 dart slugs
  2 leopard geckos
  2 giant cockroaches (D:1)
  3 goblins
  4 hobgoblins (D:1)
  9 kobolds
  A quokka (D:2)
  3 bats
  5 frilled lizards
  8 rats
  11 plants (D:1)
59 creatures vanquished.

Notes
Turn   | Place    | Note
-------+----------+-------------------------------------------
     0 | D:1      | RollingDesktops the Gnoll Warper began the quest for the Orb.
     0 | D:1      | Reached XP level 1. HP: 20/20 MP: 6/6
   670 | D:1      | Reached XP level 2. HP: 23/26 MP: 7/7
  1097 | D:1      | Reached XP level 3. HP: 22/31 MP: 9/9
  1564 | D:1      | Reached skill level 5 in Spellcasting
  1598 | D:2      | Found a hide-covered altar of Uskayaw.
  1809 | D:2      | Reached skill level 1 in Invocations
  1824 | D:2      | Reached skill level 1 in Short Blades
  1824 | D:2      | Reached skill level 1 in Axes
  1824 | D:2      | Reached skill level 1 in Maces & Flails
  1824 | D:2      | Reached skill level 1 in Polearms
  1824 | D:2      | Reached skill level 1 in Staves
  1824 | D:2      | Reached skill level 1 in Slings
  1824 | D:2      | Reached skill level 1 in Bows
  1824 | D:2      | Reached skill level 1 in Crossbows
  1824 | D:2      | Reached skill level 1 in Stealth
  1824 | D:2      | Reached skill level 1 in Shields
  1824 | D:2      | Reached skill level 1 in Unarmed Combat
  1824 | D:2      | Reached skill level 1 in Evocations
  1824 | D:2      | HP: 1/31 [dart slug/slug dart (2)]
  1960 | D:2      | Reached XP level 4. HP: 37/38 MP: 11/11
  2356 | D:3      | Reached skill level 1 in Conjurations
  2356 | D:3      | Reached skill level 1 in Hexes
  2356 | D:3      | Reached skill level 1 in Charms
  2356 | D:3      | Reached skill level 1 in Summonings
  2356 | D:3      | Reached skill level 1 in Necromancy
  2356 | D:3      | Reached skill level 1 in Transmutations
  2356 | D:3      | Reached skill level 1 in Fire Magic
  2356 | D:3      | Reached skill level 1 in Ice Magic
  2356 | D:3      | Reached skill level 1 in Air Magic
  2356 | D:3      | Reached skill level 1 in Earth Magic
  2356 | D:3      | Reached skill level 1 in Poison Magic
  2651 | D:4      | Reached XP level 5. HP: 32/43 MP: 12/12
  2712 | D:4      | Noticed GenChuck's ghost (amateur NaMo)
  2729 | D:4      | Slain by GenChuck's ghost

Skill      XL: |  1  2  3  4 |
---------------+-------------+-----
Spellcasting   | 5 |  5.1
Invocations    | 1 |  1.4
Short Blades   | 1 |  1.3
Axes           | 1 |  1.3
Maces & Flails | 1 |  1.3
Polearms       | 1 |  1.3
Staves         | 1 |  1.3
Slings         | 1 |  1.3
Bows           | 1 |  1.3
Crossbows      | 1 |  1.3
Stealth        | 1 |  1.3
Shields        | 1 |  1.3
Unarmed Combat | 1 |  1.3
Evocations     | 1 |  1.3
Conjurations   | 1 |  1.0
Hexes          | 1 |  1.0
Charms         | 1 |  1.0
Summonings     | 1 |  1.0
Necromancy     | 1 |  1.0
Transmutations | 1 |  1.0
Fire Magic     | 1 |  1.0
Ice Magic      | 1 |  1.0
Air Magic      | 1 |  1.0
Earth Magic    | 1 |  1.0
Poison Magic   | 1 |  1.0
Fighting       | |  4.7
Long Blades    | |  4.7
Throwing       | |  2.8
Armour         | |  2.8
Dodging        | |  4.7
Translocations | |  5.5

Action                   |  1- 3 |  4- 6 || total
-------------------------+-------+-------++-------
Melee: Falchion          |   664 |    37 ||   701
       Bite              |   129 |     9 ||   138
       Dagger            |       |    51 ||    51
       Punch             |       |     1 ||     1
  Use: Potion            |     3 |     6 ||     9
       Scroll            |       |     5 ||     5
  Eat: Ration            |     2 |     1 ||     3
       Chunk             |     2 |       ||     2
Armor: Leather armour    |    35 |    15 ||    50
Dodge: Dodged            |   102 |    66 ||   168
       Rpst.: Falchion   |    38 |    14 ||    52
